 Dungeon Crawl Stone Soup version 0.30.0-29-ga12c61a403 (webtiles) character file.

Game seed: 14419584165361550249

696 booth the Conjurer (level 7, -7/46 (54) HPs)
             Began as a Demonspawn Reaver on June 17, 2023.
             Mangled by an ice beast (10 damage)
             ... on level 5 of the Dungeon.
             The game lasted 00:33:19 (5190 turns).

booth the Conjurer (Demonspawn Reaver)              Turns: 5190, Time: 00:33:19

HP:   -7/46 (54)    AC:  9    Str: 15      XL:     7   Next: 37%
MP:   12/12         EV: 12    Int: 13 (14) God:
Gold: 112           SH:  5    Dex: 10 (11) Spells: 7/13 levels left

rFire   . . .        a - +1 hand axe
rCold   . . .        (no shield)
rNeg    . . .        b - +0 leather armour
rPois   +            j - +0 helmet
rElec   .            e - +0 cloak
rCorr   .            (no gloves)
SInv    +            (no boots)
Will    .....        x - amulet of reflection
Stlth   +            m - +4 ring of protection
HPRegen 0.27/turn    p - ring of see invisible
MPRegen 0.26/turn

%: reflection
@: heavily drained
A: spiny 2, magic regeneration, deterioration 1, poison resistance, wild magic 2
a: no special abilities


You were on level 5 of the Dungeon.
You visited 2 branches of the dungeon, and saw 6 of its levels.
You also visited: Sewer.

You collected 112 gold pieces.

Inventory:

Hand Weapons
 a - a +1 hand axe (weapon)
 g - a +0 mace
 z - a +0 war axe
Missiles
 v - 2 poisoned darts
 B - a curare-tipped dart (quivered)
Armour
 b - a +0 leather armour (worn)
 e - a +0 cloak (worn)
 j - a +0 helmet (worn)
 u - a +0 kite shield
Jewellery
 m - a +4 ring of protection (left hand)
 p - a ring of see invisible (right hand)
 x - an amulet of reflection (around neck)
Wands
 i - a wand of digging (5)
Scrolls
 d - a scroll of teleportation
 t - 3 scrolls of magic mapping
Potions
 f - 3 potions of brilliance
 h - a potion of flight
 k - a potion of cancellation
 n - a potion of curing
 o - a potion of haste {unknown}
 r - a potion of berserk rage
 s - 2 potions of degeneration {unknown}
 w - a potion of might {unknown}
 A - a potion of invisibility {unknown}


   Skills:
 + Level 4.0 Fighting
 + Level 4.2 Axes
 + Level 3.7 Dodging
 + Level 3.7 Spellcasting
 + Level 4.7 Conjurations


You had 7 spell levels left.
You knew the following spells:

 Your Spells              Type           Power      Damage    Failure   Level
a - Kiss of Death         Conj/Necr      52%        2d9       21%         1
b - Momentum Strike       Conj/Tloc      26%        3d8       30%         2
c - Hailstorm             Conj/Ice       13%        3d5       47%         3

Your spell library contained the following spells:

 Spells                   Type           Power      Damage    Failure   Level


Dungeon Overview and Level Annotations

Branches:
Dungeon (5/15)             Temple (1/1) D:4           Sewer (visited)

Altars:
Cheibriados
Dithmenos
Gozag
Hepliaklqana
Kikubaaqudgha
Makhleb
Okawaru
Ru
Vehumet
Wu Jian

Shops:
D:4 (

Annotations:
D:5 Pikel


Innate Abilities, Weirdness & Mutations

You are mostly covered in sharp spines.
You regenerate magic rapidly.
Your body sometimes deteriorates upon taking damage.
Your system is resistant to poisons. (rPois)
Your spells are harder to cast, but more powerful.


Message History

You hit the ice beast but do no damage. You hit the lemure.
You barely miss the lemure. The lemure hits you!
* * * LOW HITPOINT WARNING * * *
The ice beast misses you. Pikel is struck by your spines.
Pikel completely misses you. You block the lemure's attack.
You feel better. The lemure is struck by your spines.
The lemure barely misses you. The ice beast is struck by your spines.
The ice beast hits you but does no damage.
Pikel barely misses you. You block the lemure's attack.
You hit Pikel but do no damage.
Pikel is severely wounded.
You hit the lemure. You barely miss the lemure. You closely miss the ice beast.
The lemure is struck by your spines.
You kill the lemure!
That felt strangely unrewarding.
The ice beast is struck by your spines. The ice beast barely misses you.
Pikel misses you. The lemure is struck by your spines. The lemure hits you.
You miss the lemure.
The lemure is severely wounded.
You hit Pikel. You hit the lemure. You hit the ice beast but do no damage.
The lemure hits you but does no damage.
The ice beast hits you but does no damage.
Pikel is struck by your spines. Pikel barely misses you.
The lemure hits you but does no damage.
You closely miss Pikel.
Pikel is almost dead.
You hit the lemure but do no damage. You hit the ice beast but do no damage.
You hit the lemure. The lemure is struck by your spines.
The lemure hits you but does no damage. Pikel is struck by your spines.
Pikel hits you with a +0 whip of electrocution.
The ice beast hits you but does no damage.
The lemure hits you.
* * * LOW HITPOINT WARNING * * *
The lemure hits you!
* * * LOW HITPOINT WARNING * * *
You block Pikel's attack. You block the lemure's attack.
The ice beast hits you.
* * * LOW HITPOINT WARNING * * *
The ice beast freezes you!
You die...

... ###..##
##.#?..
##.....#
##......#
#.......#.#.
#..........
#Y5.#
##@#..#
#K5..#
###....#
#.### ...
##. +


You could see Pikel (drained), an ice beast and 2 lemures.

Vanquished Creatures
  Eustachio (D:4)
  2 lemures (D:5)
  A kobold brigand (Sewer)
  Crazy Yiuf (D:3)
  An orc priest (D:4)
  An orc wizard (D:4)
  15 gnolls
  12 adders
  4 river rats
  4 worms
  2 dart slugs
  5 orcs (D:4)
  6 bats
  5 endoplasms
  2 giant cockroaches
  3 goblins
  3 hobgoblins
  3 jackals (D:4)
  A quokka (D:2)
  11 ball pythons
  4 frilled lizards
  15 kobolds
  23 rats
125 creatures vanquished.

Notes
Turn   | Place    | Note
-------+----------+-------------------------------------------
     0 | D:1      | booth the Demonspawn Reaver began the quest for the Orb.
     0 | D:1      | Reached XP level 1. HP: 16/16 MP: 3/3
   766 | D:1      | Gained mutation: You regenerate magic rapidly. [demonic
                  | ancestry]
   766 | D:1      | Reached XP level 2. HP: 22/22 MP: 5/5
  1155 | D:1      | Gained mutation: Your body sometimes deteriorates upon
                  | taking damage. [potion of mutation]
  1155 | D:1      | Gained mutation: Your mind is acute. (Int +4, Str/Dex -1)
                  | [potion of mutation]
  1155 | D:1      | Gained mutation: You expend magic power (3 MP) to
                  | strengthen your wands. [potion of mutation]
  1334 | D:2      | Reached XP level 3. HP: 13/28 MP: 6/6
  1337 | D:2      | Learned a level 2 spell: Momentum Strike
  1341 | D:2      | Learned a level 3 spell: Hailstorm
  1498 | D:2      | You fall into a shaft and drop 1 floor!
  1634 | D:3      | Gained mutation: You are partially covered in sharp spines.
                  | [demonic ancestry]
  1634 | D:3      | Reached XP level 4. HP: 34/34 MP: 7/7
  1786 | D:3      | Found a runed translucent door.
  1787 | D:3      | Noticed Crazy Yiuf
  2049 | D:2      | Lost mutation: You expend magic power (3 MP) to strengthen
                  | your wands. [potion of mutation]
  2049 | D:2      | Lost mutation: Your mind is acute. (Int +4, Str/Dex -1)
                  | [potion of mutation]
  2049 | D:2      | Gained mutation: Your spells are a little harder to cast,
                  | but a little more powerful. [potion of mutation]
  2049 | D:2      | Gained mutation: Your spells are harder to cast, but more
                  | powerful. [potion of mutation]
  2049 | D:2      | Gained mutation: Your system is resistant to poisons.
                  | (rPois) [potion of mutation]
  2203 | D:2      | Reached XP level 5. HP: 40/40 MP: 9/9
  2631 | D:3      | Found a shadowy altar of Dithmenos.
  2936 | D:3      | Found a faded altar of an unknown god.
  2977 | D:3      | Found a radiant altar of Vehumet.
  3104 | D:3      | Killed Crazy Yiuf
  3299 | D:4      | Found Midyali's Weapon Emporium.
  3469 | D:4      | HP: 1/41 [worm (8)]
  3628 | D:4      | Found a glowing drain.
  3643 | Sewer    | Entered a sewer
  3732 | Sewer    | Reached XP level 6. HP: 34/40 MP: 10/10
  4401 | D:4      | Found a staircase to the Ecumenical Temple.
  4541 | Temple   | Entered the Ecumenical Temple
  4617 | D:4      | Noticed Eustachio
  4659 | D:4      | Gained mutation: You are mostly covered in sharp spines.
                  | [demonic ancestry]
  4659 | D:4      | Reached XP level 7. HP: 28/53 MP: 12/12
  4905 | D:4      | Killed Eustachio
  5177 | D:5      | Entered Level 5 of the Dungeon
  5177 | D:5      | Noticed Pikel
  5190 | D:5      | Mangled by an ice beast

Illustrated notes

Levels and vault maps discovered:
D:1:      psy_arrival_radial02, layout_basic
D:2:      layout_loops_ring
D:3:      layout_basic, tso_metal_star, mainiacjoe_overflow_alcove_4,
          nicolae_vehumet_altar_sigil, shapermc_ecumenical_altar_mp_ritualfount,
          kennysheep_decorative_pillar, serial_bayou_pond_b,
          uniq_crazy_yiuf_cottage
D:4:      layout_rooms, minmay_temple_entry_arrows, portal_sewer_entry_a,
          serial_shops, shop, uniq_eustachio
D:5:      layout_loops_corners, kb_lookout_dungeons_type,
          minmay_misc_feat_roman, nicolae_titane, uniq_pikel
Temple:   hellmonk_temple_micro_hex

Skill      XL: |  1  2  3  4  5  6  7 |
---------------+----------------------+-----
Dodging        | 2 3 |  3.7
Axes           | 3 4 |  4.2
Fighting       | 3 4 |  4.0
Spellcasting   | 3 |  3.7
Conjurations   | 4 |  4.7

Action                     |  1- 3 |  4- 6 |  7- 9 || total
---------------------------+-------+-------+-------++-------
  Melee: Hand axe          |    74 |   293 |    43 ||   410
         Punch             |       |     2 |     1 ||     3
  Throw: Dart              |     6 |     5 |     9 ||    20
         Throwing net      |       |       |     1 ||     1
   Cast: Kiss of Death     |       |     1 |     1 ||     2
    Use: Scroll            |     4 |    10 |     2 ||    16
         Potion            |     1 |     4 |     3 ||     8
 Armour: Leather armour    |    21 |    94 |    16 ||   131
  Dodge: Dodged            |    49 |   140 |    29 ||   218
  Block: Other             |       |    74 |    16 ||    90
         Reflection        |       |     1 |       ||     1
